 Dungeon Crawl Stone Soup version 0.29.0-4-gdea44cf6ec (webtiles) character file.

Game seed: 10118222277425299131

2300 SnakkuSnakku7 the Carver (level 9, 0/48 HPs)
             Began as a Tengu Warper on Aug 27, 2022.
             Was a Priest of Yredelemnul.
             Slain by an orc
             ... wielding a +0 flail
              (7 damage)
             ... on level 6 of the Dungeon.
             The game lasted 00:09:47 (6326 turns).

SnakkuSnakku7 the Carver (Tengu Warper)             Turns: 6326, Time: 00:09:47

Health: 0/48       AC: 12    Str: 11    XL:     9   Next: 40%
Magic:  13/13      EV:  6    Int: 15    God:    Yredelemnul [***...]
Gold:   311        SH:  0    Dex: 17    Spells: 12/12 levels left

rFire   . . .      SeeInvis .   a - +0 scimitar
rCold   . . .      Faith    .   (no shield)
rNeg    . . .      Spirit   .   g - +0 chain mail
rPois   .          Reflect  .   (helmet restricted)
rElec   .          Harm     .   (no cloak)
rCorr   .          Rampage  .   (no gloves)
Will    .....                   (boots unavailable)
Stlth   ..........              (no amulet)
HPRegen 0.16/turn               h - +4 ring of slaying
MPRegen 0.13/turn               w - +4 ring of protection

@: flying quickly and evasively, quick
A: beak, talons 3, nimble flight
a: Renounce Religion, Recall Undead Harvest, Dark Bargain


You were on level 6 of the Dungeon.
You worshipped Yredelemnul.
Yredelemnul was noncommittal.
You visited 1 branch of the dungeon, and saw 6 of its levels.

You collected 311 gold pieces.

Inventory:

Hand Weapons
 a - a +0 scimitar (weapon)
 z - a +0 falchion
Missiles
 d - 7 boomerangs of dispersal (quivered)
 A - 4 boomerangs
Armour
 b - a +0 leather armour
 f - a +0 ring mail
 g - a +0 chain mail (worn)
Jewellery
 h - a +4 ring of slaying (left hand)
 o - an amulet of magic regeneration
 w - a +4 ring of protection (right hand)
Wands
 B - a wand of charming (7)
 D - a wand of light (8)
Scrolls
 c - 3 scrolls of blinking
 l - a scroll of noise {unknown}
 m - 2 scrolls of fog {unknown}
 q - a scroll of teleportation {unknown}
 t - a scroll of amnesia {unknown}
 u - 2 scrolls of enchant weapon {unknown}
 v - 2 scrolls of fear {unknown}
 x - 3 scrolls of identify {unknown}
 y - a scroll of magic mapping {unknown}
 C - a scroll of immolation {unknown}
Potions
 e - 3 potions of flight
 i - 4 potions of mutation {unknown}
 j - 2 potions of curing {unknown}
 k - a potion of resistance {unknown}
 n - 3 potions of might {unknown}
 p - a potion of cancellation {unknown}
 r - a potion of haste {unknown}
 s - 3 potions of attraction {unknown}


   Skills:
 - Level 2.0 Fighting
 + Level 13.4 Long Blades
 - Level 1.0 Throwing
 - Level 1.1 Armour
 - Level 2.1 Dodging
 - Level 2.0 Spellcasting
 - Level 2.4 Translocations


You had 12 spell levels left.
You didn't know any spells.
Your spell library contained the following spells:

 Spells                   Type           Power      Damage    Failure   Level
 Apportation              Tloc           16%        N/A       99%         1
 Blink                    Tloc           16%        N/A       100%        2
 Conjure Flame            Conj/Fire      1%         6-21      100%        3
 Gell's Gravitas          Tloc           8%         N/A       100%        3
 Ignite Poison            Fire/Tmut/Pois 1%         N/A       100%        3
 Lesser Beckoning         Tloc           8%         N/A       100%        3
 Teleport Other           Tloc           8%         N/A       100%        3
 Sticky Flame             Conj/Fire      1%         2d3       100%        4
 Alistair's Intoxication  Tmut/Pois      0%         N/A       100%        5
 Manifold Assault         Tloc           8%         N/A       100%        5
 Summon Forest            Summ/Tloc      2%         N/A       100%        5
 Summon Mana Viper        Hex/Summ       1%         N/A       100%        5
 Dispersal                Tloc           4%         N/A       100%        6
 Summon Cactus Giant      Summ           0%         N/A       100%        6


Dungeon Overview and Level Annotations

Branches:
Dungeon (6/15)             Temple (0/1) D:5

Altars:
Elyvilon
Fedhas
Yredelemnul


Innate Abilities, Weirdness & Mutations

You have a beak for a mouth.
You have claws for feet.
Your magical nature lets you fly swiftly and evasively.


Message History

Your kobold zombie hits the orc.
There is an open door here.
You are too confused!
Unknown command.
You are too confused!
You are too confused!
Unknown command.
You are too confused!
Unknown command.
The orc warrior hits you from afar with a +0 trident.
The orc wizard hits you with a +0 dagger.
The orc hits your kobold zombie with a +0 dagger.
Your kobold zombie barely misses the orc.
The orc warrior closely misses you.
The orc wizard hits you but does no damage.
The orc barely misses your kobold zombie.
Unknown command.
The orc wizard hits your kobold zombie with a +0 dagger.
The orc hits your kobold zombie with a +0 flail!
Your kobold zombie is destroyed!
The orc warrior hits you from afar with a +0 trident!
Unknown command.
The orc warrior hits you from afar with a +0 trident!
The orc hits you with a +0 dagger.
The orc wizard hits you but does no damage.
Unknown command.
The orc warrior hits you but does no damage.
The orc hits you but does no damage. x2
Unknown command.
The orc warrior hits you from afar with a +0 trident!
* * * LOW HITPOINT WARNING * * *
The orc wizard hits you with a +0 dagger.
* * * LOW HITPOINT WARNING * * *
The orc hits you but does no damage. x2
Unknown command.
It was a potion of flight.
You feel more buoyant.
You feel less confused. The orc warrior barely misses you.
The orc hits you with a +0 flail!
You die...
Your body rises from the dead as a mindless zombie.

....#.........#........
....#......Z..'........
....#.##.##Z###........
.####.##.##'#.......##
.#.....#....#.......#
.#.....'....'.......#
.#....#####'#...ZZ..#
.+....#.......ZZZZZ.#
.#....#......###@####
#######......'.ooo.#
#......#....o....
#......#.........[
#.######.......... #.
########... #. ... ..


You could see an orc warrior (ally target), an orc wizard (ally target), 2 orcs,
a friendly bullfrog zombie, a friendly scorpion zombie, 2 friendly sky beast
zombies, 2 friendly kobold zombies and a friendly two-headed ogre zombie.

Vanquished Creatures
  3 ogres
  A kobold brigand (D:6)
  Blork the orc (D:4)
  2 bullfrogs (D:6)
  4 necrophages
  A scorpion (D:6)
  6 hounds
  2 jellies
  An orc priest (D:3)
  An iguana (D:4)
  Robin (D:3)
  7 gnolls
  7 adders
  A white imp (D:6)
  3 ufetubi
  2 worms (D:2)
  A dart slug (D:1)
  14 orcs
  6 bats
  9 endoplasms
  6 giant cockroaches
  21 goblins
  8 hobgoblins
  8 jackals
  4 quokkas
  4 ball pythons
  2 frilled lizards (D:3)
  14 kobolds
  10 rats
150 creatures vanquished.

Vanquished Creatures (collateral kills)
  A two-headed ogre (D:6)
  2 sky beasts (D:6)
  A scorpion (D:5)
  An orc wizard (D:6)
  A gnoll (D:5)
  An adder (D:4)
  A giant cockroach (D:3)
  A goblin (D:3)
  A jackal (D:4)
  A bat (D:2)
  A kobold (D:3)
12 creatures vanquished.

Vanquished Creatures (others)
  A hound zombie (D:6)
  A spectral white imp (D:6)
  A bat zombie (D:3)
  A ball python zombie (D:4)
  2 endoplasm zombies (D:3)
  A frilled lizard zombie (D:3)
  A giant cockroach zombie (D:2)
  3 goblin zombies
  A hobgoblin zombie (D:3)
  2 kobold zombies
  2 orc zombies (D:6)
  A quokka zombie (D:1)
  A spectral ufetubus (D:6)
  5 plants (D:5)
23 creatures vanquished.

Grand Total: 185 creatures vanquished

Notes
Turn   | Place    | Note
-------+----------+-------------------------------------------
     0 | D:1      | SnakkuSnakku7 the Tengu Warper began the quest for the Orb.
     0 | D:1      | Reached XP level 1. HP: 12/12 MP: 4/4
   503 | D:1      | Reached skill level 3 in Long Blades
   503 | D:1      | Reached XP level 2. HP: 17/17 MP: 6/6
   932 | D:1      | Noticed an eye of devastation
   941 | D:1      | Found a faded altar of an unknown god.
   943 | D:1      | Noticed a shining eye
   943 | D:1      | Noticed a floating eye
   943 | D:1      | Noticed a floating eye
   949 | D:1      | Prayed at the altar of an unknown god.
   949 | D:1      | Became a worshipper of Yredelemnul the Dark
   949 | D:1      | Reached * piety under Yredelemnul
   977 | D:1      | Reached XP level 3. HP: 21/21 MP: 7/7
  1284 | D:1      | Reached ** piety under Yredelemnul
  1316 | D:1      | Reached skill level 4 in Long Blades
  1843 | D:2      | Found a white marble altar of Elyvilon.
  2067 | D:2      | Reached XP level 4. HP: 26/26 MP: 8/8
  2406 | D:3      | Reached skill level 5 in Long Blades
  2407 | D:3      | Noticed Robin
  2424 | D:3      | Killed Robin
  2611 | D:3      | Gained mutation: Your magical nature lets you fly swiftly
                  | and evasively. [Tengu growth]
  2611 | D:3      | Reached XP level 5. HP: 16/30 MP: 9/9
  2754 | D:3      | Reached skill level 6 in Long Blades
  2923 | D:3      | Reached XP level 6. HP: 33/35 MP: 10/10
  3390 | D:3      | Reached skill level 7 in Long Blades
  3742 | D:4      | Found a blossoming altar of Fedhas.
  3786 | D:4      | Reached skill level 8 in Long Blades
  3786 | D:4      | Reached XP level 7. HP: 35/40 MP: 11/11
  3819 | D:4      | Noticed Blork the orc
  3828 | D:4      | Killed Blork the orc
  4070 | D:5      | Entered Level 5 of the Dungeon
  4168 | D:5      | Reached skill level 9 in Long Blades
  4370 | D:5      | Found a staircase to the Ecumenical Temple.
  4663 | D:5      | Reached skill level 10 in Long Blades
  4663 | D:5      | Reached XP level 8. HP: 39/44 MP: 12/12
  4891 | D:5      | Reached *** piety under Yredelemnul
  5158 | D:6      | Noticed a two-headed ogre
  5460 | D:6      | Reached skill level 11 in Long Blades
  5824 | D:6      | Killed a two-headed ogre
  5825 | D:6      | Reached skill level 13 in Long Blades
  5825 | D:6      | Reached XP level 9. HP: 32/48 MP: 13/13
  6326 | D:6      | Slain by an orc

Illustrated notes

Levels and vault maps discovered:
D:1:      elethiomel_arrival_diamonds, layout_basic,
          hellmonk_ecumenical_altar_watching_god, minmay_crystal_room
D:2:      layout_loops_cross, basic_altar, minmay_octomino_c4
D:3:      layout_rooms, minmay_misc_feat_room, uniq_robin
D:4:      layout_rooms, fedhas_altar_1, uniq_blork_the_orc
D:5:      layout_basic, minmay_temple_entry_gardened_gates
D:6:      layout_gridville, serial_bayou_pond_c

Skill      XL: |  1  2  3  4  5  6  7  8 |
---------------+-------------------------+-----
Long Blades    | 3 4 5 6 8 10 13 | 13.4
Fighting       | |  2.0
Throwing       | |  1.0
Armour         | |  1.1
Dodging        | |  2.1
Spellcasting   | |  2.0
Translocations | |  2.4

Action                   |  1- 3 |  4- 6 |  7- 9 || total
-------------------------+-------+-------+-------++-------
Melee: Falchion          |    77 |   123 |    11 ||   211
       Kick              |    18 |    26 |    23 ||    67
       Peck              |     6 |    19 |    18 ||    43
       Punch             |       |     2 |     1 ||     3
       Scimitar          |       |       |   103 ||   103
Evoke: Wand              |       |       |     1 ||     1
  Use: Potion            |       |       |     1 ||     1
 Stab: Sleeping          |     1 |       |       ||     1
       Distracted        |       |     2 |       ||     2
       Invisible         |       |       |     1 ||     1
Armor: Leather armour    |     8 |       |       ||     8
       Ring mail         |     9 |       |       ||     9
       Chain mail        |    24 |   101 |    70 ||   195
Dodge: Dodged            |    31 |    47 |    36 ||   114
